| Goals | Penalties |
1. Manitoba Moose , Justin Robidas 5 (Viktor Neuchev 11) at 2:15
2. Boisbriand Armada , Colton Dach 13 (Adam Klapka 7) at 8:46 (PP)
3. Manitoba Moose , Isak Rosen 9 (Matthew Poitras 6, Zack Ostapchuk 10) at 18:11 (PP)
|
Maxence Guenette (ARM) for Roughing (Minor) at 3:23 Zack Ostapchuk (MOO) for Roughing (Minor) at 8:30 Colton Dach (ARM) for Fighting (Major) at 14:24 Vsevolod Komarov (MOO) for Fighting (Major) at 14:24 Sammy Blais (ARM) for Fighting (Major) at 15:49 Landon Slaggert (MOO) for Fighting (Major) at 15:49 Maxence Guenette (ARM) for Tripping (Minor) at 16:25 Colton Dach (ARM) for Hooking (Minor) at 19:43
|
4. Manitoba Moose , Isak Rosen 10 (Zack Ostapchuk 11, Matthew Poitras 7) at 0:06 (PP)
5. Manitoba Moose , Justin Robidas 6 (Albert Johansson 5) at 0:51
6. Boisbriand Armada , Hendrix Lapierre 6 (Joshua Roy 5, Maxence Guenette 3) at 4:23
7. Boisbriand Armada , Alexander Holtz 5 (Colton Dach 4, Adam Klapka 8) at 4:29
8. Manitoba Moose , Isak Rosen 11 (Nick DeSimone 2) at 18:28
|
Nathan Legare (ARM) for Roughing (Minor) at 5:38 Wyatte Wylie (ARM) for Fighting (Major) at 15:49 Landon Slaggert (MOO) for Fighting (Major) at 15:49
|
9. Boisbriand Armada , Alexander Holtz 6 (Adam Klapka 9, Maxence Guenette 4) at 13:35
|
Adam Klapka (ARM) for Delaying the game (Minor) at 5:59 Adam Raska (MOO) for Slashing (Minor) at 14:17 Landon Slaggert (MOO) for High sticking (Minor) at 16:33
|
|
Ethan Haider (MOO), 20 saves from 24 shots - (0,833), W, 2-1-0, 60:00 minutes
Tristan Lennox (ARM), 9 saves from 13 shots - (0,692), 20:51 minutes Erik Portillo (ARM), 13 saves from 14 shots - (0,929), L, 0-1-0, 38:11 minutes
|
|
1 - Isak Rosen (MOO)
2 - Alexander Holtz (ARM)
3 - Justin Robidas (MOO)
|
Referees : Gord Dwyer and Kevin Pollock
Linesman : James Tobias and Jake Davis
|
|
Vsevolod Komarov beats up Colton Dach at 14:24 of 1st period
Sammy Blais and Landon Slaggert fight to a draw at 15:49 of 1st period
Erik Portillo enters game at 0:51 of 2nd period
Wyatte Wylie beats up Landon Slaggert at 15:49 of 2nd period
Isak Rosen has scored a Hat Trick!
|
|
Level 1 -- Attendance: 1684 (84,20%) -- Ticket Income $58,940
Level 2 -- Attendance: 893 (89,30%) -- Ticket Income $13,395
Total Attendance: 2577 (85,90%)
Total Ticket Income: $72,335
Other Income: $35,444
Total Income: $107,779
|
| Team Name |
Goals |
Shots |
Shots Attemp |
Shots Blocked |
PIM |
HIT |
PP |
PK |
FO% |
| Manitoba Moose |
5 | 27 | 41 | 11 | 21 | 25 | 2 / 5 (40%) | 1 | 60% |
| Boisbriand Armada |
4 | 24 | 58 | 3 | 25 | 23 | 1 / 3 (33%) | 2 | 40% |
Manitoba Moose
Boisbriand Armada
Manitoba Moose
| 5 vs 5 Forward |
|---|
| Line # | Left Wing | Center | Right Wing | PHY | DF | OF | Wanted % | Time % | Time Play |
| 1 | Landon Slaggert | Zack Ostapchuk | Isak Rosen | 0 | 0 | 5 | 40 | 35% | 16:34
|
| 2 | Juha Jaaska | Justin Hryckowian | Adam Raska | 0 | 0 | 5 | 35 | 33% | 15:45
|
| 3 | Viktor Neuchev | Justin Robidas | James Hamblin | 0 | 0 | 5 | 25 | 27% | 12:51
|
| 4 | Landon Slaggert | Matthew Poitras | Isak Rosen | 0 | 0 | 5 | 0 | 5% | 2:17
|
| 5 vs 5 Defense |
|---|
| Line # | Defense | Defense | | PHY | DF | OF | Wanted % | Time % | Time Play |
| 1 | Albert Johansson | Maveric Lamoureux | | 1 | 2 | 2 | 35 | 33% | 15:43
|
| 2 | Nick DeSimone | Ethan Samson | | 1 | 2 | 2 | 30 | 32% | 15:22
|
| 3 | Vsevolod Komarov | Devante Stephens | | 1 | 2 | 2 | 25 | 26% | 12:18
|
| 4 | Michael Callahan | Maveric Lamoureux | | 1 | 2 | 2 | 10 | 9% | 4:04
|
| Power Play Forward |
|---|
| Line # | Left Wing | Center | Right Wing | PHY | DF | OF | Wanted % | Time % | Time Play |
| 1 | Landon Slaggert | Zack Ostapchuk | Isak Rosen | 1 | 2 | 2 | 60 | 62% | 5:02
|
| 2 | Juha Jaaska | Matthew Poitras | Adam Raska | 1 | 2 | 2 | 40 | 38% | 3:04
|
| Power Play Defense |
|---|
| Line # | Defense | Defense | | PHY | DF | OF | Wanted % | Time % | Time Play |
| 1 | Albert Johansson | Michael Callahan | | 1 | 2 | 2 | 60 | 68% | 5:29
|
| 2 | Nick DeSimone | Ethan Samson | | 1 | 2 | 2 | 40 | 32% | 2:37
|
| Penalty Kill 4 Players Forward |
|---|
| Line # | Center | Wing | PHY | DF | OF | Wanted % | Time % | Time Play |
| 1 | Matthew Poitras | James Hamblin | 1 | 2 | 2 | 50 | 48% | 2:03
|
| 2 | Justin Hryckowian | Viktor Neuchev | 1 | 2 | 2 | 50 | 52% | 2:11
|
| Penalty Kill 4 Players Defense |
|---|
| Line # | Defense | Defense | PHY | DF | OF | Wanted % | Time % | Time Play |
| 1 | Albert Johansson | Maveric Lamoureux | 1 | 2 | 2 | 50 | 50% | 2:06
|
| 2 | Nick DeSimone | Ethan Samson | 1 | 2 | 2 | 50 | 50% | 2:08
|
| Penalty Kill 3 Players |
|---|
| Line # | Wing | PHY | DF | OF | Wanted % | Time % | Time Play | Defense | Defense | PHY | DF | OF | Wanted % | Time % | Time Play |
| 1 | Zack Ostapchuk | 1 | 2 | 2 | 60 | 0% | 0:00
| Maveric Lamoureux | Michael Callahan | 1 | 2 | 2 | 60 | 0% | 0:00
|
| 2 | Justin Hryckowian | 1 | 2 | 2 | 40 | 0% | 0:00
| Nick DeSimone | Ethan Samson | 1 | 2 | 2 | 40 | 0% | 0:00
|
| 4 vs 4 Forward |
|---|
| Line # | Center | Wing | PHY | DF | OF | Wanted % | Time % | Time Play |
| 1 | Zack Ostapchuk | Landon Slaggert | 1 | 2 | 2 | 60 | 0% | 0:00
|
| 2 | Justin Hryckowian | Juha Jaaska | 1 | 2 | 2 | 40 | 0% | 0:00
|
| 4 vs 4 Defense |
|---|
| Line # | Defense | | PHY | DF | OF | Wanted % | Time % | Time Play |
| 1 | Albert Johansson | Michael Callahan | 1 | 2 | 2 | 60 | 0% | 0:00
|
| 2 | Maveric Lamoureux | Ethan Samson | 1 | 2 | 2 | 40 | 0% | 0:00
|
| Last Minutes Offensive |
|---|
| Left Wing | Center | Right Wing | Defense | Defense |
| Landon Slaggert | Zack Ostapchuk | Isak Rosen | Albert Johansson | Maveric Lamoureux |
| Last Minutes Defensive |
|---|
| Left Wing | Center | Right Wing | Defense | Defense |
| Landon Slaggert | Zack Ostapchuk | Isak Rosen | Albert Johansson | Maveric Lamoureux |
| Time |
|---|
| Total Forward | Total Defense | Last Minutes Offensive | Last Minutes Defensive |
| 60:00 |
60:00 |
0:00 | 0:13 |
| Extra Forwards |
|---|
| Normal | PowerPlay | Penalty Kill |
|
Landon Slaggert, Matthew Poitras, James Hamblin | Landon Slaggert, Matthew Poitras | Landon Slaggert |
| Extra Defensemen |
|---|
| Normal | PowerPlay | Penalty Kill |
|
Ethan Samson, Vsevolod Komarov, Devante Stephens | Maveric Lamoureux, Ethan Samson | Vsevolod Komarov |
| Penalty Shots |
|---|
|
Isak Rosen, Zack Ostapchuk, Justin Hryckowian, Justin Robidas, Landon Slaggert |
| Goalie |
|---|
| Ethan Haider, Carter Gylander |
| Scratches |
|---|
|
Dylan Anhorn (Left Leg Injury), Connor Murphy2 (Healthy), Sergei Murashov (Healthy) |
Boisbriand Armada
| 5 vs 5 Forward |
|---|
| Line # | Left Wing | Center | Right Wing | PHY | DF | OF | Wanted % | Time % | Time Play |
| 1 | Colton Dach | Adam Klapka | Alexander Holtz | 0 | 1 | 4 | 35 | 32% | 15:00
|
| 2 | Sammy Blais | Ivan Ivan | Nathan Legare | 0 | 2 | 3 | 35 | 32% | 14:54
|
| 3 | Dylan Gambrell | Hendrix Lapierre | Joshua Roy | 0 | 3 | 2 | 20 | 19% | 8:49
|
| 4 | Matyas Sapovaliv | Jacob Gaucher | Patrick Giles | 1 | 2 | 2 | 10 | 17% | 7:46
|
| 5 vs 5 Defense |
|---|
| Line # | Defense | Defense | | PHY | DF | OF | Wanted % | Time % | Time Play |
| 1 | Jacob Bernard-Docker | Yan Kuznetsov | | 1 | 2 | 2 | 34 | 33% | 15:33
|
| 2 | Maxence Guenette | David Spacek | | 1 | 2 | 2 | 33 | 35% | 16:04
|
| 3 | Carson Lambos | Wyatte Wylie | | 1 | 2 | 2 | 33 | 32% | 14:52
|
| 4 | Jacob Bernard-Docker | Yan Kuznetsov | | 1 | 2 | 2 | 0 | 0% | 0:00
|
| Power Play Forward |
|---|
| Line # | Left Wing | Center | Right Wing | PHY | DF | OF | Wanted % | Time % | Time Play |
| 1 | Colton Dach | Adam Klapka | Alexander Holtz | 1 | 2 | 2 | 60 | 57% | 2:26
|
| 2 | Ivan Ivan | Hendrix Lapierre | Nathan Legare | 1 | 2 | 2 | 40 | 43% | 1:48
|
| Power Play Defense |
|---|
| Line # | Defense | Defense | | PHY | DF | OF | Wanted % | Time % | Time Play |
| 1 | Jacob Bernard-Docker | Yan Kuznetsov | | 1 | 2 | 2 | 60 | 60% | 2:33
|
| 2 | Maxence Guenette | David Spacek | | 1 | 2 | 2 | 40 | 40% | 1:41
|
| Penalty Kill 4 Players Forward |
|---|
| Line # | Center | Wing | PHY | DF | OF | Wanted % | Time % | Time Play |
| 1 | Adam Klapka | Colton Dach | 1 | 2 | 2 | 60 | 82% | 6:37
|
| 2 | Ivan Ivan | Alexander Holtz | 1 | 2 | 2 | 40 | 18% | 1:29
|
| Penalty Kill 4 Players Defense |
|---|
| Line # | Defense | Defense | PHY | DF | OF | Wanted % | Time % | Time Play |
| 1 | Jacob Bernard-Docker | Yan Kuznetsov | 1 | 2 | 2 | 60 | 62% | 5:02
|
| 2 | Maxence Guenette | David Spacek | 1 | 2 | 2 | 40 | 38% | 3:04
|
| Penalty Kill 3 Players |
|---|
| Line # | Wing | PHY | DF | OF | Wanted % | Time % | Time Play | Defense | Defense | PHY | DF | OF | Wanted % | Time % | Time Play |
| 1 | Adam Klapka | 1 | 2 | 2 | 60 | 0% | 0:00
| Jacob Bernard-Docker | Yan Kuznetsov | 1 | 2 | 2 | 60 | 0% | 0:00
|
| 2 | Ivan Ivan | 1 | 2 | 2 | 40 | 0% | 0:00
| Maxence Guenette | David Spacek | 1 | 2 | 2 | 40 | 0% | 0:00
|
| 4 vs 4 Forward |
|---|
| Line # | Center | Wing | PHY | DF | OF | Wanted % | Time % | Time Play |
| 1 | Adam Klapka | Colton Dach | 1 | 2 | 2 | 60 | 0% | 0:00
|
| 2 | Ivan Ivan | Alexander Holtz | 1 | 2 | 2 | 40 | 0% | 0:00
|
| 4 vs 4 Defense |
|---|
| Line # | Defense | | PHY | DF | OF | Wanted % | Time % | Time Play |
| 1 | Jacob Bernard-Docker | Yan Kuznetsov | 1 | 2 | 2 | 60 | 0% | 0:00
|
| 2 | Maxence Guenette | David Spacek | 1 | 2 | 2 | 40 | 0% | 0:00
|
| Last Minutes Offensive |
|---|
| Left Wing | Center | Right Wing | Defense | Defense |
| Colton Dach | Ivan Ivan | Adam Klapka | Jacob Bernard-Docker | Yan Kuznetsov |
| Last Minutes Defensive |
|---|
| Left Wing | Center | Right Wing | Defense | Defense |
| Colton Dach | Ivan Ivan | Adam Klapka | Jacob Bernard-Docker | Yan Kuznetsov |
| Time |
|---|
| Total Forward | Total Defense | Last Minutes Offensive | Last Minutes Defensive |
| 60:00 |
60:00 |
1:11 | 0:00 |
| Extra Forwards |
|---|
| Normal | PowerPlay | Penalty Kill |
|
Hendrix Lapierre, Sammy Blais, Jacob Gaucher | Hendrix Lapierre, Sammy Blais | Hendrix Lapierre |
| Extra Defensemen |
|---|
| Normal | PowerPlay | Penalty Kill |
|
David Spacek, Carson Lambos, Wyatte Wylie | David Spacek, David Spacek | Carson Lambos |
| Penalty Shots |
|---|
|
Adam Klapka, Colton Dach, Ivan Ivan, Alexander Holtz, Hendrix Lapierre |
| Goalie |
|---|
| Tristan Lennox, Erik Portillo |
| Scratches |
|---|
|
Joel Teasdale (Healthy), Gabriel Seger (Healthy), Justin Ertel (Healthy), Julian Lutz (Healthy), Isaac Belliveau (Healthy)
Cam Thiesing (Healthy), Justin Gill (Healthy), Olivier Rodrigue (Healthy) |
Play-by-Play
1st period
0:01 of 1st period - Adam Klapka wins face-off versus Zack Ostapchuk in neutral zone.
1:11 of 1st period - Wrist shot by Matthew Poitras.
1:11 of 1st period - Stopped by Tristan Lennox with a rebound.
1:13 of 1st period - Slapshot by Maveric Lamoureux.
1:13 of 1st period - Shot Blocked by Wyatte Wylie.
2:11 of 1st period - Wrist shot by Viktor Neuchev.
2:11 of 1st period - Deflect By Justin Robidas.
2:11 of 1st period - Stopped by Tristan Lennox with a rebound.
2:13 of 1st period - Snap shot by Viktor Neuchev.
2:13 of 1st period - Stopped by Tristan Lennox with a rebound.
2:15 of 1st period - Snap shot by Justin Robidas.
2:15 of 1st period - Goal by Justin Robidas - Manitoba Moose : 1 - Boisbriand Armada : 0.
2:16 of 1st period - Sammy Blais wins face-off versus Justin Hryckowian in neutral zone.
2:56 of 1st period - Snap shot by Sammy Blais.
2:56 of 1st period - Stopped by Ethan Haider with a rebound.
2:58 of 1st period - Wrist shot by Sammy Blais.
2:58 of 1st period - Stopped by Ethan Haider without a rebound.
2:59 of 1st period - Zack Ostapchuk wins face-off versus Adam Klapka in Manitoba Moose zone.
2:59 of 1st period - Zack Ostapchuk is hit by Colton Dach.
3:07 of 1st period - Snap shot by Adam Klapka.
3:07 of 1st period - Deflect By Alexander Holtz.
3:07 of 1st period - Stopped by Ethan Haider with a rebound.
3:23 of 1st period - Minor Penalty to Maxence Guenette for Roughing.
3:24 of 1st period - Adam Klapka wins face-off versus Zack Ostapchuk in Boisbriand Armada zone.
4:46 of 1st period - Michael Callahan is hit by Adam Klapka and loses puck.
5:23 of 1st period - Penalty to Maxence Guenette is over, Maxence Guenette is back on ice.
5:36 of 1st period - Snap shot by Jacob Gaucher.
5:36 of 1st period - Shot Misses the Net.
5:50 of 1st period - Justin Robidas is hit by Jacob Bernard-Docker and loses puck.
6:57 of 1st period - Adam Raska is hit by Carson Lambos and loses puck.
7:38 of 1st period - Matthew Poitras is hit by Colton Dach and loses puck.
7:53 of 1st period - Snap shot by Joshua Roy.
7:53 of 1st period - Shot Misses the Net.
8:30 of 1st period - Minor Penalty to Zack Ostapchuk for Roughing.
8:31 of 1st period - Adam Klapka wins face-off versus Matthew Poitras in Manitoba Moose zone.
8:46 of 1st period - Wrist shot by Colton Dach.
8:46 of 1st period - Goal by Colton Dach - Manitoba Moose : 1 - Boisbriand Armada : 1.
8:47 of 1st period - Zack Ostapchuk wins face-off versus Adam Klapka in neutral zone.
9:12 of 1st period - Albert Johansson is hit by Yan Kuznetsov and loses puck.
9:33 of 1st period - Wrist shot by James Hamblin.
9:33 of 1st period - Shot Misses the Net.
9:41 of 1st period - Wrist shot by James Hamblin.
9:41 of 1st period - Stopped by Tristan Lennox without a rebound.
9:42 of 1st period - Adam Klapka wins face-off versus Zack Ostapchuk in Boisbriand Armada zone.
9:56 of 1st period - Off-side.
9:57 of 1st period - Justin Hryckowian wins face-off versus Ivan Ivan in neutral zone.
10:06 of 1st period - Nathan Legare is hit by Juha Jaaska and loses puck.
10:11 of 1st period - Snap shot by Juha Jaaska.
10:11 of 1st period - Stopped by Tristan Lennox without a rebound.
10:12 of 1st period - Zack Ostapchuk wins face-off versus Adam Klapka in Boisbriand Armada zone.
11:24 of 1st period - Snap shot by Juha Jaaska.
11:24 of 1st period - Shot Misses the Net.
12:04 of 1st period - Colton Dach is hit by Adam Raska and loses puck.
13:22 of 1st period - Snap shot by Ivan Ivan.
13:22 of 1st period - Shot Misses the Net.
13:25 of 1st period - Icing by Maveric Lamoureux.
13:26 of 1st period - James Hamblin wins face-off versus Adam Klapka in Manitoba Moose zone.
13:33 of 1st period - Colton Dach is hit by Justin Robidas and loses puck.
14:15 of 1st period - Off-side.
14:16 of 1st period - Zack Ostapchuk wins face-off versus Adam Klapka in neutral zone.
14:24 of 1st period - Vsevolod Komarov beats up Colton Dach.
14:24 of 1st period - Penalty to Colton Dach for Fighting.
14:24 of 1st period - Penalty to Vsevolod Komarov for Fighting.
14:25 of 1st period - Zack Ostapchuk wins face-off versus Adam Klapka in Boisbriand Armada zone.
14:50 of 1st period - Sammy Blais is hit by Juha Jaaska.
15:29 of 1st period - Icing by Jacob Gaucher.
15:30 of 1st period - Jacob Gaucher wins face-off versus Zack Ostapchuk in Boisbriand Armada zone.
15:37 of 1st period - Slapshot by Hendrix Lapierre.
15:37 of 1st period - Shot Misses the Net.
15:39 of 1st period - Slapshot by Jacob Bernard-Docker.
15:39 of 1st period - Shot Misses the Net.
15:41 of 1st period - Wrist shot by Alexander Holtz.
15:41 of 1st period - Stopped by Ethan Haider without a rebound.
15:42 of 1st period - Zack Ostapchuk wins face-off versus Ivan Ivan in Manitoba Moose zone.
15:42 of 1st period - Zack Ostapchuk is hit by Nathan Legare.
15:49 of 1st period - Sammy Blais and Landon Slaggert fight to a draw.
15:49 of 1st period - Penalty to Sammy Blais for Fighting.
15:49 of 1st period - Penalty to Landon Slaggert for Fighting.
15:50 of 1st period - Ivan Ivan wins face-off versus Zack Ostapchuk in Boisbriand Armada zone.
16:25 of 1st period - Minor Penalty to Maxence Guenette for Tripping.
16:26 of 1st period - Adam Klapka wins face-off versus Zack Ostapchuk in Boisbriand Armada zone.
17:10 of 1st period - Snap shot by Adam Raska.
17:10 of 1st period - Stopped by Tristan Lennox without a rebound.
17:11 of 1st period - Hendrix Lapierre wins face-off versus Zack Ostapchuk in Boisbriand Armada zone.
17:20 of 1st period - Wrist shot by James Hamblin.
17:20 of 1st period - Shot Misses the Net.
17:22 of 1st period - Slapshot by Isak Rosen.
17:22 of 1st period - Deflect By Zack Ostapchuk.
17:22 of 1st period - Shot Misses the Net.
17:22 of 1st period - Puck is out of play.
17:23 of 1st period - Zack Ostapchuk wins face-off versus Adam Klapka in Boisbriand Armada zone.
17:26 of 1st period - Slapshot by Matthew Poitras.
17:26 of 1st period - Stopped by Tristan Lennox without a rebound.
17:27 of 1st period - Zack Ostapchuk wins face-off versus Adam Klapka in Boisbriand Armada zone.
17:47 of 1st period - Icing by Albert Johansson.
17:48 of 1st period - Adam Klapka wins face-off versus Zack Ostapchuk in Manitoba Moose zone.
18:11 of 1st period - Snap shot by Isak Rosen.
18:11 of 1st period - Goal by Isak Rosen - Manitoba Moose : 2 - Boisbriand Armada : 1.
18:12 of 1st period - Adam Klapka wins face-off versus Zack Ostapchuk in neutral zone.
18:17 of 1st period - Wrist shot by Alexander Holtz.
18:17 of 1st period - Stopped by Ethan Haider without a rebound.
18:18 of 1st period - Zack Ostapchuk wins face-off versus Adam Klapka in Manitoba Moose zone.
19:03 of 1st period - David Spacek is hit by James Hamblin and loses puck.
19:40 of 1st period - Wrist shot by Justin Hryckowian.
19:40 of 1st period - Stopped by Tristan Lennox without a rebound.
19:41 of 1st period - Adam Klapka wins face-off versus Justin Hryckowian in Boisbriand Armada zone.
19:43 of 1st period - Minor Penalty to Colton Dach for Hooking.
19:44 of 1st period - Adam Klapka wins face-off versus Zack Ostapchuk in Boisbriand Armada zone.
19:54 of 1st period - Snap shot by Matthew Poitras.
19:54 of 1st period - Shot Hit the Post.
19:56 of 1st period - Slapshot by Matthew Poitras.
19:56 of 1st period - Shot Misses the Net.
19:58 of 1st period - Slapshot by Albert Johansson.
19:58 of 1st period - Stopped by Tristan Lennox with a rebound.
Goals for this period are 2 for Manitoba Moose vs 1 for Boisbriand Armada.
Shots for this period are 11 for Manitoba Moose vs 6 for Boisbriand Armada.
2nd period
0:01 of 2nd period - Isak Rosen wins face-off versus Adam Klapka in neutral zone.
0:06 of 2nd period - Snap shot by Isak Rosen.
0:06 of 2nd period - Goal by Isak Rosen - Manitoba Moose : 3 - Boisbriand Armada : 1.
0:07 of 2nd period - Ivan Ivan wins face-off versus Zack Ostapchuk in neutral zone.
0:12 of 2nd period - Snap shot by Ivan Ivan.
0:12 of 2nd period - Shot Blocked by Nick DeSimone.
0:14 of 2nd period - Snap shot by Hendrix Lapierre.
0:14 of 2nd period - Shot Blocked by Matthew Poitras.
0:51 of 2nd period - Snap shot by Justin Robidas.
0:51 of 2nd period - Goal by Justin Robidas - Manitoba Moose : 4 - Boisbriand Armada : 1.
0:51 of 2nd period - Erik Portillo enters game.
0:52 of 2nd period - Ivan Ivan wins face-off versus Zack Ostapchuk in neutral zone.
0:55 of 2nd period - Maveric Lamoureux is hit by Nathan Legare and loses puck.
1:02 of 2nd period - Snap shot by Landon Slaggert.
1:02 of 2nd period - Deflect By Zack Ostapchuk.
1:02 of 2nd period - Stopped by Erik Portillo with a rebound.
1:04 of 2nd period - Slapshot by Maveric Lamoureux.
1:04 of 2nd period - Deflect By Landon Slaggert.
1:04 of 2nd period - Shot Misses the Net.
1:04 of 2nd period - Puck is out of play.
1:05 of 2nd period - Zack Ostapchuk wins face-off versus Adam Klapka in Boisbriand Armada zone.
2:08 of 2nd period - Snap shot by Justin Hryckowian.
2:08 of 2nd period - Stopped by Erik Portillo with a rebound.
2:38 of 2nd period - Colton Dach is hit by Juha Jaaska and loses puck.
2:51 of 2nd period - Wrist shot by Colton Dach.
2:51 of 2nd period - Deflect By Alexander Holtz.
2:51 of 2nd period - Shot Misses the Net.
2:51 of 2nd period - Puck is out of play.
2:52 of 2nd period - Landon Slaggert wins face-off versus Ivan Ivan in Manitoba Moose zone.
2:52 of 2nd period - Landon Slaggert is hit by Sammy Blais.
3:02 of 2nd period - Wrist shot by Sammy Blais.
3:02 of 2nd period - Shot Blocked by Maveric Lamoureux.
3:04 of 2nd period - Slapshot by Maxence Guenette.
3:04 of 2nd period - Deflect By Nathan Legare.
3:04 of 2nd period - Shot Misses the Net.
3:04 of 2nd period - Puck is out of play.
3:05 of 2nd period - Zack Ostapchuk wins face-off versus Ivan Ivan in Manitoba Moose zone.
3:12 of 2nd period - Snap shot by Landon Slaggert.
3:12 of 2nd period - Stopped by Erik Portillo with a rebound.
3:30 of 2nd period - David Spacek is hit by James Hamblin and loses puck.
3:39 of 2nd period - Slapshot by Ivan Ivan.
3:39 of 2nd period - Deflect By Nathan Legare.
3:39 of 2nd period - Shot Misses the Net.
3:39 of 2nd period - Puck is out of play.
3:40 of 2nd period - Zack Ostapchuk wins face-off versus Adam Klapka in Manitoba Moose zone.
4:09 of 2nd period - Off-side.
4:10 of 2nd period - Justin Robidas wins face-off versus Hendrix Lapierre in neutral zone.
4:23 of 2nd period - Snap shot by Hendrix Lapierre.
4:23 of 2nd period - Goal by Hendrix Lapierre - Manitoba Moose : 4 - Boisbriand Armada : 2.
4:24 of 2nd period - Adam Klapka wins face-off versus Zack Ostapchuk in neutral zone.
4:29 of 2nd period - Wrist shot by Alexander Holtz.
4:29 of 2nd period - Goal by Alexander Holtz - Manitoba Moose : 4 - Boisbriand Armada : 3.
4:30 of 2nd period - Zack Ostapchuk wins face-off versus Adam Klapka in neutral zone.
4:37 of 2nd period - Wrist shot by Zack Ostapchuk.
4:37 of 2nd period - Stopped by Erik Portillo with a rebound.
5:26 of 2nd period - Wrist shot by Sammy Blais.
5:26 of 2nd period - Shot Blocked by Ethan Samson.
5:38 of 2nd period - Minor Penalty to Nathan Legare for Roughing.
5:39 of 2nd period - Zack Ostapchuk wins face-off versus Adam Klapka in Boisbriand Armada zone.
5:52 of 2nd period - Wrist shot by Landon Slaggert.
5:52 of 2nd period - Stopped by Erik Portillo with a rebound.
5:54 of 2nd period - Snap shot by Landon Slaggert.
5:54 of 2nd period - Stopped by Erik Portillo with a rebound.
6:04 of 2nd period - Adam Raska is hit by Jacob Bernard-Docker.
6:26 of 2nd period - David Spacek is hit by Zack Ostapchuk and loses puck.
7:38 of 2nd period - Penalty to Nathan Legare is over, Nathan Legare is back on ice.
7:50 of 2nd period - Slapshot by Justin Robidas.
7:50 of 2nd period - Shot Misses the Net.
8:02 of 2nd period - Vsevolod Komarov is hit by Jacob Gaucher.
8:17 of 2nd period - James Hamblin is hit by Jacob Gaucher and loses puck.
9:18 of 2nd period - Wyatte Wylie is hit by Adam Raska and loses puck.
9:52 of 2nd period - Maveric Lamoureux is hit by Jacob Bernard-Docker and loses puck.
10:28 of 2nd period - Isak Rosen is hit by Carson Lambos and loses puck.
12:14 of 2nd period - Alexander Holtz is hit by Viktor Neuchev and loses puck.
12:25 of 2nd period - Slapshot by Jacob Bernard-Docker.
12:25 of 2nd period - Stopped by Ethan Haider with a rebound.
12:45 of 2nd period - Snap shot by Sammy Blais.
12:45 of 2nd period - Deflect By Patrick Giles.
12:45 of 2nd period - Stopped by Ethan Haider without a rebound.
12:46 of 2nd period - Zack Ostapchuk wins face-off versus Jacob Gaucher in Manitoba Moose zone.
12:55 of 2nd period - Jacob Gaucher is hit by Zack Ostapchuk and loses puck.
13:11 of 2nd period - Adam Raska is hit by David Spacek.
13:39 of 2nd period - Off-side.
13:40 of 2nd period - Hendrix Lapierre wins face-off versus Matthew Poitras in neutral zone.
13:44 of 2nd period - Off-side.
13:45 of 2nd period - Viktor Neuchev wins face-off versus Hendrix Lapierre in neutral zone.
14:40 of 2nd period - Wrist shot by Alexander Holtz.
14:40 of 2nd period - Shot Hit the Post.
14:42 of 2nd period - Slapshot by David Spacek.
14:42 of 2nd period - Deflect By Alexander Holtz.
14:42 of 2nd period - Shot Misses the Net.
14:42 of 2nd period - Puck is out of play.
14:43 of 2nd period - Adam Klapka wins face-off versus Zack Ostapchuk in Manitoba Moose zone.
14:54 of 2nd period - Wrist shot by Alexander Holtz.
14:54 of 2nd period - Shot Misses the Net.
15:10 of 2nd period - Off-side.
15:11 of 2nd period - Ivan Ivan wins face-off versus Justin Hryckowian in neutral zone.
15:42 of 2nd period - Snap shot by Justin Hryckowian.
15:42 of 2nd period - Stopped by Erik Portillo with a rebound.
15:48 of 2nd period - Slapshot by Justin Hryckowian.
15:48 of 2nd period - Stopped by Erik Portillo without a rebound.
15:49 of 2nd period - Zack Ostapchuk wins face-off versus Adam Klapka in Boisbriand Armada zone.
15:49 of 2nd period - Wyatte Wylie beats up Landon Slaggert.
15:49 of 2nd period - Penalty to Wyatte Wylie for Fighting.
15:49 of 2nd period - Penalty to Landon Slaggert for Fighting.
15:50 of 2nd period - Zack Ostapchuk wins face-off versus Sammy Blais in Boisbriand Armada zone.
15:53 of 2nd period - Wrist shot by Isak Rosen.
15:53 of 2nd period - Stopped by Erik Portillo without a rebound.
15:54 of 2nd period - Ivan Ivan wins face-off versus Zack Ostapchuk in Boisbriand Armada zone.
16:06 of 2nd period - Zack Ostapchuk is hit by David Spacek and loses puck.
16:27 of 2nd period - Snap shot by Juha Jaaska.
16:27 of 2nd period - Shot Misses the Net.
16:29 of 2nd period - Slapshot by Justin Hryckowian.
16:29 of 2nd period - Stopped by Erik Portillo with a rebound.
16:31 of 2nd period - Snap shot by Juha Jaaska.
16:31 of 2nd period - Shot Blocked by Carson Lambos.
17:58 of 2nd period - Wrist shot by James Hamblin.
17:58 of 2nd period - Shot Blocked by Jacob Bernard-Docker.
18:02 of 2nd period - Snap shot by Viktor Neuchev.
18:02 of 2nd period - Stopped by Erik Portillo without a rebound.
18:03 of 2nd period - Justin Robidas wins face-off versus Adam Klapka in Boisbriand Armada zone.
18:26 of 2nd period - Snap shot by Isak Rosen.
18:26 of 2nd period - Shot Misses the Net.
18:28 of 2nd period - Slapshot by Isak Rosen.
18:28 of 2nd period - Goal by Isak Rosen - Manitoba Moose : 5 - Boisbriand Armada : 3.
18:29 of 2nd period - Ivan Ivan wins face-off versus Zack Ostapchuk in neutral zone.
18:40 of 2nd period - Jacob Bernard-Docker is hit by Zack Ostapchuk and loses puck.
18:52 of 2nd period - Icing by Jacob Bernard-Docker.
18:53 of 2nd period - Justin Hryckowian wins face-off versus Adam Klapka in Boisbriand Armada zone.
19:20 of 2nd period - Alexander Holtz is hit by Viktor Neuchev and loses puck.
Goals for this period are 3 for Manitoba Moose vs 2 for Boisbriand Armada.
Shots for this period are 14 for Manitoba Moose vs 4 for Boisbriand Armada.
3rd period
0:01 of 3rd period - Sammy Blais wins face-off versus Zack Ostapchuk in neutral zone.
1:02 of 3rd period - Slapshot by Hendrix Lapierre.
1:02 of 3rd period - Stopped by Ethan Haider with a rebound.
1:38 of 3rd period - Devante Stephens is hit by Maxence Guenette and loses puck.
1:45 of 3rd period - Wrist shot by Sammy Blais.
1:45 of 3rd period - Stopped by Ethan Haider with a rebound.
1:47 of 3rd period - Slapshot by David Spacek.
1:47 of 3rd period - Shot Misses the Net.
2:03 of 3rd period - Alexander Holtz is hit by Landon Slaggert and loses puck.
2:20 of 3rd period - Slapshot by Hendrix Lapierre.
2:20 of 3rd period - Deflect By Dylan Gambrell.
2:20 of 3rd period - Stopped by Ethan Haider without a rebound.
2:21 of 3rd period - Zack Ostapchuk wins face-off versus Hendrix Lapierre in Manitoba Moose zone.
2:28 of 3rd period - Hendrix Lapierre is hit by Landon Slaggert and loses puck.
2:46 of 3rd period - Wrist shot by Ivan Ivan.
2:46 of 3rd period - Shot Misses the Net.
3:27 of 3rd period - Snap shot by Jacob Gaucher.
3:27 of 3rd period - Shot Misses the Net.
3:29 of 3rd period - Snap shot by Carson Lambos.
3:29 of 3rd period - Stopped by Ethan Haider with a rebound.
3:31 of 3rd period - Snap shot by Wyatte Wylie.
3:31 of 3rd period - Stopped by Ethan Haider with a rebound.
3:33 of 3rd period - Slapshot by Wyatte Wylie.
3:33 of 3rd period - Shot Misses the Net.
3:35 of 3rd period - Slapshot by Patrick Giles.
3:35 of 3rd period - Shot Misses the Net.
4:19 of 3rd period - Yan Kuznetsov is hit by Michael Callahan and loses puck.
4:34 of 3rd period - Snap shot by Jacob Gaucher.
4:34 of 3rd period - Stopped by Ethan Haider without a rebound.
4:35 of 3rd period - Justin Hryckowian wins face-off versus Jacob Gaucher in Manitoba Moose zone.
4:35 of 3rd period - Justin Hryckowian is hit by David Spacek.
4:57 of 3rd period - Slapshot by Patrick Giles.
4:57 of 3rd period - Shot Blocked by Vsevolod Komarov.
4:59 of 3rd period - Snap shot by Maxence Guenette.
4:59 of 3rd period - Shot Blocked by Vsevolod Komarov.
5:01 of 3rd period - Snap shot by Maxence Guenette.
5:01 of 3rd period - Shot Blocked by James Hamblin.
5:23 of 3rd period - Snap shot by Ivan Ivan.
5:23 of 3rd period - Stopped by Ethan Haider without a rebound.
5:24 of 3rd period - Nathan Legare wins face-off versus Zack Ostapchuk in Manitoba Moose zone.
5:27 of 3rd period - Wrist shot by Sammy Blais.
5:27 of 3rd period - Shot Blocked by Zack Ostapchuk.
5:59 of 3rd period - Minor Penalty to Adam Klapka for Delaying the game.
6:00 of 3rd period - Zack Ostapchuk wins face-off versus Hendrix Lapierre in Boisbriand Armada zone.
7:06 of 3rd period - Maxence Guenette is hit by Adam Raska and loses puck.
7:51 of 3rd period - Jacob Gaucher is hit by Isak Rosen and loses puck.
7:59 of 3rd period - Penalty to Adam Klapka is over, Adam Klapka is back on ice.
8:02 of 3rd period - Maxence Guenette is hit by Ethan Samson.
8:10 of 3rd period - Wrist shot by James Hamblin.
8:10 of 3rd period - Stopped by Erik Portillo without a rebound.
8:11 of 3rd period - Justin Robidas wins face-off versus Ivan Ivan in Boisbriand Armada zone.
8:24 of 3rd period - Wrist shot by Justin Robidas.
8:24 of 3rd period - Shot Misses the Net.
8:55 of 3rd period - Adam Klapka is hit by Matthew Poitras and loses puck.
10:03 of 3rd period - Jacob Bernard-Docker is hit by Juha Jaaska and loses puck.
10:20 of 3rd period - Joshua Roy is hit by Matthew Poitras and loses puck.
10:31 of 3rd period - Justin Robidas is hit by Colton Dach and loses puck.
11:41 of 3rd period - Snap shot by Matyas Sapovaliv.
11:41 of 3rd period - Stopped by Ethan Haider without a rebound.
11:42 of 3rd period - Justin Hryckowian wins face-off versus Jacob Gaucher in Manitoba Moose zone.
12:05 of 3rd period - Justin Robidas is hit by Wyatte Wylie and loses puck.
12:22 of 3rd period - Slapshot by Colton Dach.
12:22 of 3rd period - Shot Blocked by Nick DeSimone.
12:46 of 3rd period - Maveric Lamoureux is hit by Jacob Gaucher and loses puck.
12:51 of 3rd period - Slapshot by Jacob Gaucher.
12:51 of 3rd period - Shot Misses the Net.
13:31 of 3rd period - Slapshot by Adam Klapka.
13:31 of 3rd period - Shot Blocked by Vsevolod Komarov.
13:35 of 3rd period - Wrist shot by Alexander Holtz.
13:35 of 3rd period - Goal by Alexander Holtz - Manitoba Moose : 5 - Boisbriand Armada : 4.
13:36 of 3rd period - Zack Ostapchuk wins face-off versus Ivan Ivan in neutral zone.
13:39 of 3rd period - Nathan Legare is hit by Maveric Lamoureux and loses puck.
14:17 of 3rd period - Minor Penalty to Adam Raska for Slashing.
14:18 of 3rd period - Justin Hryckowian wins face-off versus Adam Klapka in Manitoba Moose zone.
15:00 of 3rd period - Matthew Poitras is hit by Nathan Legare and loses puck.
16:12 of 3rd period - David Spacek is hit by Juha Jaaska and loses puck.
16:17 of 3rd period - Penalty to Adam Raska is over, Adam Raska is back on ice.
16:33 of 3rd period - Minor Penalty to Landon Slaggert for High sticking.
16:34 of 3rd period - Justin Hryckowian wins face-off versus Adam Klapka in Manitoba Moose zone.
16:39 of 3rd period - Backhand shot by Ethan Samson.
16:39 of 3rd period - Stopped by Erik Portillo with a rebound.
18:30 of 3rd period - Maxence Guenette is hit by Zack Ostapchuk and loses puck.
18:33 of 3rd period - Penalty to Landon Slaggert is over, Landon Slaggert is back on ice.
19:02 of 3rd period - Boisbriand Armada, Erik Portillo is pulled from the net.
19:20 of 3rd period - Wrist shot by Jacob Gaucher.
19:20 of 3rd period - Deflect By Dylan Gambrell.
19:20 of 3rd period - Stopped by Ethan Haider with a rebound.
19:22 of 3rd period - Wrist shot by Jacob Gaucher.
19:22 of 3rd period - Stopped by Ethan Haider with a rebound.
19:24 of 3rd period - Snap shot by Joshua Roy.
19:24 of 3rd period - Shot Misses the Net.
19:26 of 3rd period - Wrist shot by Joshua Roy.
19:26 of 3rd period - Shot Misses the Net.
19:28 of 3rd period - Wrist shot by Joshua Roy.
19:28 of 3rd period - Shot Misses the Net.
19:30 of 3rd period - Wrist shot by Joshua Roy.
19:30 of 3rd period - Stopped by Ethan Haider with a rebound.
19:36 of 3rd period - Snap shot by Joshua Roy.
19:36 of 3rd period - Shot Blocked by Zack Ostapchuk.
19:38 of 3rd period - Snap shot by Dylan Gambrell.
19:38 of 3rd period - Deflect By Jacob Gaucher.
19:38 of 3rd period - Stopped by Ethan Haider with a rebound.
19:40 of 3rd period - Slapshot by Jacob Bernard-Docker.
19:40 of 3rd period - Shot Misses the Net.
19:42 of 3rd period - Snap shot by Jacob Gaucher.
19:42 of 3rd period - Shot Misses the Net.
19:44 of 3rd period - Snap shot by Jacob Bernard-Docker.
19:44 of 3rd period - Shot Misses the Net.
19:46 of 3rd period - Slapshot by Dylan Gambrell.
19:46 of 3rd period - Stopped by Ethan Haider without a rebound.
19:47 of 3rd period - Dominique Ducharme call a timeout for Boisbriand Armada.
19:47 of 3rd period - Matthew Poitras wins face-off versus Jacob Gaucher in Manitoba Moose zone.
19:56 of 3rd period - James Hamblin is hit by Jacob Gaucher and loses puck.
Goals for this period are 0 for Manitoba Moose vs 1 for Boisbriand Armada.
Shots for this period are 2 for Manitoba Moose vs 14 for Boisbriand Armada.